 Dungeon Crawl Stone Soup version 0.24.1-14-gf8d2b509d9 (webtiles) character file.

Game seed: 4342310395366523912, levelgen mode: deterministic

203 Gruesph the Poker (level 5, -3/42 HPs)
             Began as a Merfolk Skald on May 17, 2020.
             Killed by nerve-wracking pain
             ... invoked by an orc priest
              (14 damage)
             ... on level 3 of the Dungeon.
             The game lasted 00:09:55 (3649 turns).

Gruesph the Poker (Merfolk Skald)                   Turns: 3649, Time: 00:09:55

Health: -3/42      AC:  6    Str: 13    XL:     5   Next: 81%
Magic:  4/8        EV: 12    Int: 12    God:
Gold:   190        SH:  0    Dex: 13    Spells: 5/8 levels left

rFire    . . .     SeeInvis .   a - +0 spear
rCold    . . .     Gourm    .   (no shield)
rNeg     . . .     Faith    .   h - +0 ring mail
rPois    .         Spirit   .   u - +0 helmet
rElec    .         Reflect  .   (no cloak)
rCorr    .         Harm     .   (no gloves)
MR       .....                  (no boots)
Stlth    +.........             (no amulet)
HPRegen  0.14/turn              (no ring)
MPRegen  0.11/turn              (no ring)

@: infused, singing, very slightly contaminated
A: change form in water, swift swim, stealthy swim
a: no special abilities


You were on level 3 of the Dungeon.
You were not hungry.

You visited 1 branch of the dungeon, and saw 3 of its levels.

You collected 190 gold pieces.

Inventory:

Hand Weapons
 a - a +0 spear (weapon)
Missiles
 c - 168 stones (quivered)
Armour
 h - a +0 ring mail (worn)
 u - a +0 helmet (worn)
Jewellery
 n - a +4 ring of intelligence {unknown}
 s - an uncursed ring of fire {unknown}
Scrolls
 d - a scroll of random uselessness {unknown}
 e - 2 scrolls of teleportation {unknown}
 i - a scroll of enchant armour {unknown}
 j - 2 scrolls of remove curse {unknown}
 m - 2 scrolls of identify {unknown}
 q - 2 scrolls of immolation {unknown}
 t - a scroll of amnesia {unknown}
Potions
 b - 2 potions of lignification {unknown}
 g - a potion of flight {unknown}
 k - a potion of agility {unknown}
 l - a potion of heal wounds {unknown}
 o - a potion of ambrosia {unknown}
 p - a potion of curing {unknown}
 r - a potion of brilliance {unknown}
 v - a potion of might {unknown}
Comestibles
 f - 6 rations


   Skills:
 + Level 3.8 Fighting
 + Level 5.8 Polearms
 - Level 1.0 Armour
 + Level 3.5 Dodging
 - Level 2.0 Stealth
 - Level 2.0 Spellcasting
 + Level 3.5 Charms


You had 5 spell levels left.
You knew the following spells:

 Your Spells              Type           Power        Failure   Level  Hunger
a - Infusion              Chrm           #...         14%         1    ##.....
b - Song of Slaying       Chrm           #.......     21%         2    ###....

Your spell library contained the following spells:

 Spells                   Type           Power        Failure   Level  Hunger
 Shroud of Golubria       Chrm/Tloc      #.....       38%         2    ###....
 Regeneration             Chrm/Necr      #.........   63%         3    ####...
 Spectral Weapon          Hex/Chrm       #.......     63%         3    ####...


Dungeon Overview and Level Annotations

Branches:
Dungeon (3/15)

Altars:


Message History

The orc priest hits you with a +0 short sword!
You are too injured to fight recklessly!
Casting: Song of Slaying (safe; 21% risk of failure)
Confirm with . or Enter, or press ? or * to list all spells.
You begin infusing your attacks with magical energy.
The orc priest calls down the wrath of Beogh upon you.
Pain shoots through your body!
You are too injured to fight recklessly!
You hit the orc priest!
The orc priest is heavily wounded.
The orc priest hits you but does no damage.
You barely miss the orc priest.
The orc priest is heavily wounded.
The orc priest hits you with a +0 short sword.
* * * LOW HITPOINT WARNING * * *
You barely miss the orc priest.
The orc priest is heavily wounded.
The orc priest calls down the wrath of Beogh upon you.
Pain shoots through your body!
You die...

#...†...+.........'
##...####.........#
#.(## ##.......##
#.## ##.....## #.#
##...## #.# ##'## #.#
#.# #.# #.# #@# ##.##
#o# ##...## #...o...#
#.....#
#o##.##.######...####
# #................#
####.###.###......
#.# #.###.#
#.###.###.#
#.........#


You could see an orc priest and an orc.

Vanquished Creatures
  A bullfrog (D:2)
  4 adders
  2 worms (D:2)
  7 leopard geckos
  5 orcs (D:3)
  11 bats
  A giant cockroach (D:3)
  9 goblins
  15 hobgoblins
  4 jackals (D:2)
  6 frilled lizards
  8 kobolds
  3 rats
76 creatures vanquished.

Notes
Turn   | Place    | Note
-------+----------+-------------------------------------------
     0 | D:1      | Gruesph the Merfolk Skald began the quest for the Orb.
     0 | D:1      | Reached XP level 1. HP: 16/16 MP: 3/3
   151 | D:1      | Reached skill level 1 in Stealth
   183 | D:1      | Reached XP level 2. HP: 22/22 MP: 5/5
   187 | D:1      | Learned a level 2 spell: Song of Slaying
   502 | D:1      | Reached skill level 4 in Polearms
   629 | D:1      | Reached XP level 3. HP: 27/27 MP: 6/6
  1112 | D:2      | Reached skill level 1 in Armour
  1451 | D:2      | Reached XP level 4. HP: 34/34 MP: 7/7
  1766 | D:2      | Noticed a bullfrog
  1773 | D:2      | Killed a bullfrog
  1773 | D:2      | Reached skill level 5 in Polearms
  1773 | D:2      | Reached XP level 5. HP: 41/41 MP: 2/8
  2800 | D:3      | Found a faded altar of an unknown god.
  3649 | D:3      | Killed from afar by an orc priest

Levels and vault maps discovered:
D:1:      dpeg_arrival_water_temple_mockup, layout_loops_ring
D:2:      layout_loops_ring
D:3:      minmay_door_path, layout_loops_corners,
          chequers_ecumenical_altar_simple, first_ration,
          guppyfry_early_orc_mine

Skill      XL: |  1  2  3  4 |
---------------+-------------+-----
Stealth        | 1 2 |  2.0
Polearms       | 4 5 |  5.8
Armour         | 1 |  1.0
Dodging        | 3 |  3.5
Fighting       | 3 |  3.8
Spellcasting   | |  2.0
Charms         | |  3.5

Action                   |  1- 3 |  4- 6 || total
-------------------------+-------+-------++-------
Melee: Spear             |   120 |   184 ||   304
Throw: Stone             |    23 |    28 ||    51
 Cast: Infusion          |     6 |     8 ||    14
       Song of Slaying   |     2 |     5 ||     7
 Stab: Sleeping          |     2 |     1 ||     3
  Eat: Chunk             |     2 |     8 ||    10
Armor: Leather armour    |     2 |       ||     2
       Ring mail         |    23 |    41 ||    64
Dodge: Dodged            |    58 |    79 ||   137
